 Dungeon Crawl Stone Soup version 0.20-a0-522-g0b37eee (webtiles) character file.

119 HallandMoats the Ducker (level 4, 0/34 HPs)
             Began as a Demonspawn Gladiator on Jan 25, 2017.
             Slain by a gnoll
             ... wielding a +0 spear
              (6 damage)
             ... on level 3 of the Dungeon.
             The game lasted 00:02:18 (1774 turns).

HallandMoats the Ducker (Demonspawn Gladiator)      Turns: 1774, Time: 00:02:18

Health: 0/34       AC:  5    Str: 15    XL:     4   Next: 73%
Magic:  4/4        EV: 13    Int:  9    God:
Gold:   46         SH:  0    Dex: 15    Spells: 3/3 levels left

rFire    . . .     SeeInvis .   n - +0 dagger (venom)
rCold    . . .     Gourm    .   b - +0 leather armour
rNeg     . . .     Faith    .   (no shield)
rPois    .         Spirit   .   c - +0 helmet
rElec    .         Reflect  .   (no cloak)
rCorr    .         Harm     .   q - +0 pair of gloves
MR       .....                  (no boots)
Stlth    +.........             (no amulet)
Regen    0.2/turn               (no ring)
                                (no ring)

@: no status effects
A: claws 1, powered by death 1, powered by pain 1
a: no special abilities


You were on level 3 of the Dungeon.
You were not hungry.

You visited 1 branch of the dungeon, and saw 3 of its levels.

You collected 46 gold pieces.

Inventory:

Hand Weapons
 a - a +0 quarterstaff
 n - a +0 dagger of venom (weapon)
Missiles
 d - 3 throwing nets (quivered)
Armour
 b - a +0 leather armour (worn)
 c - a +0 helmet (worn)
 q - a +0 pair of gloves (worn)
Scrolls
 i - a scroll of amnesia {unknown}
 j - a scroll of random uselessness {unknown}
 m - a scroll of noise {unknown}
 o - a scroll of remove curse {unknown}
 p - a scroll of teleportation {unknown}
Potions
 e - a potion of brilliance {unknown}
 g - 2 potions of haste {unknown}
 h - 2 potions of curing {unknown}
 k - a potion of ambrosia {unknown}
 l - a potion of flight {unknown}
Comestibles
 f - 2 bread rations


   Skills:
 + Level 2.5 Fighting
 + Level 3.2 Staves
 - Level 1.7 Throwing
 * Level 2.2 Armour
 * Level 3.5 Dodging


You had 3 spell levels left.
You didn't know any spells.

Dungeon Overview and Level Annotations

Branches:
Dungeon (3/15)

Altars:


Innate Abilities, Weirdness & Mutations

You have sharp fingernails.
You regenerate a little health from kills.
You sometimes gain a little power by taking damage.


Message History

The gnoll is lightly wounded.
The quokka twitches its whiskers.
The gnoll hits you but does no damage. The gnoll closely misses you.
You hit the gnoll.
The gnoll looks as sick as possible!
The gnoll is moderately wounded.
The gnoll closely misses you.
The gnoll hits you from afar with a spear.
You hit the gnoll.
The gnoll looks as sick as possible!
The gnoll is almost dead.
You kill the gnoll!
The gnoll hits you from afar with a spear.
The gnoll hits you but does no damage. The gnoll hits you with a spear.
Things that are here:
a spear; a gnoll corpse The gnoll barely misses you.
The gnoll hits you from afar with a spear.
You hit the gnoll but do no damage. The gnoll hits you with a spear.
* * * LOW HITPOINT WARNING * * *
The gnoll hits you from afar with a spear.
You die...

..... .... ... ## ... #.. #.#
. ##..########.# ...
..........<..########### .g..
.....##...#.g@)ggr..$.##..[..
#....##.)#########........
##..##....................
#####.........##.....###.>...
#.....................##.($..
#.....)................# ....
#..###.#................# ...
.... #..#................#
### .#. #.##................#


You could see 3 gnolls and a quokka.

Vanquished Creatures
  Jessica (D:3)
  4 adders (D:2)
  A gnoll (D:3)
  2 worms (D:2)
  2 dart slugs
  3 hobgoblins
  12 kobolds
  8 bats
  2 frilled lizards (D:1)
  5 goblins
  4 rats
44 creatures vanquished.

Notes
Turn   | Place    | Note
-------+----------+-------------------------------------------
     0 | D:1      | HallandMoats the Demonspawn Gladiator began the quest for the Orb.
     0 | D:1      | Reached XP level 1. HP: 16/16 MP: 1/1
   322 | D:1      | Reached skill level 1 in Armour
   322 | D:1      | Gained mutation: You regenerate a little health from kills. [demonic ancestry]
   322 | D:1      | Reached XP level 2. HP: 20/22 MP: 2/2
  1128 | D:2      | Gained mutation: You have sharp fingernails. [demonic ancestry]
  1128 | D:2      | Reached XP level 3. HP: 25/27 MP: 3/3
  1522 | D:2      | Gained mutation: You sometimes gain a little power by taking damage. [demonic ancestry]
  1522 | D:2      | Reached XP level 4. HP: 33/33 MP: 4/4
  1705 | D:3      | Noticed Jessica
  1735 | D:3      | Killed Jessica
  1774 | D:3      | Slain by a gnoll

Vault maps used:
D:1:      lordsloth_arrival_two_stooges
D:2:      first_bread
D:3:      nicolae_gozag_zags_fifth_avenue, uniq_jessica

Skill      XL: |  1  2  3  4 |
---------------+-------------+-----
Armour         | 1 2 |  2.2
Staves         | 3 |  3.2
Dodging        | 3 |  3.5
Fighting       | |  2.5
Throwing       | |  1.7

Action                   |  1- 3 |  4- 6 || total
-------------------------+-------+-------++-------
Melee: Quarterstaff      |    48 |       ||    48
       Dagger            |    50 |    33 ||    83
  Eat: Chunk             |     2 |     1 ||     3
Armor: Leather armour    |    46 |    12 ||    58
Dodge: Dodged            |    90 |    40 ||   130
